 Dungeon Crawl Stone Soup version 0.21.1-1-g345015fe64 (webtiles) character file.

181 Naru the Bolt Thrower (level 5, -8/32 HPs)
             Began as a Kobold Hunter on June 16, 2018.
             Shot with an arrow by a centaur (9 damage)
             ... on level 4 of the Dungeon.
             The game lasted 00:04:19 (2061 turns).

Naru the Bolt Thrower (Kobold Hunter)               Turns: 2061, Time: 00:04:21

Health: -8/32      AC:  3    Str: 10    XL:     5   Next: 92%
Magic:  0/5        EV: 12    Int: 12    God:
Gold:   141        SH:  5    Dex: 16    Spells: 4/4 levels left

rFire    . . .     SeeInvis .   q - +2 hunting sling (velocity)
rCold    . . .     Gourm    .   i - -2 shield
rNeg     . . .     Faith    .   c - +0 leather armour
rPois    .         Spirit   +   (no helmet)
rElec    .         Reflect  .   (no cloak)
rCorr    .         Harm     .   (no gloves)
MR       .....                  (no boots)
Stlth    ++........             k - amulet of guardian spirit
HPRegen  0.10/turn              (no ring)
MPRegen  0.09/turn              (no ring)

@: no status effects
A: small, carnivore
a: no special abilities


You were on level 4 of the Dungeon.
You were not hungry.

You visited 1 branch of the dungeon, and saw 4 of its levels.

You collected 141 gold pieces.

Inventory:

Hand Weapons
 a - a +1 hand crossbow
 b - a +0 short sword
 q - a +2 hunting sling of velocity (weapon)
Missiles
 d - 11 bolts
 h - 29 arrows
 l - 17 stones (quivered)
Armour
 c - a +0 leather armour (worn)
 i - a -2 shield (worn)
Jewellery
 k - an amulet of guardian spirit (around neck)
Wands
 r - a wand of polymorph (13)
Scrolls
 n - a scroll of amnesia
 o - 3 scrolls of teleportation {unknown}
Potions
 e - 2 potions of flight
 g - 2 potions of magic {unknown}
 j - a potion of curing {unknown}
 m - a potion of brilliance {unknown}
 p - 3 potions of invisibility {unknown}
 s - 2 potions of cancellation {unknown}
 t - a potion of lignification {unknown}
Comestibles
 f - 4 rations


   Skills:
 * Level 2.9 Fighting
 * Level 3.3 Slings
 - Level 6.2 Crossbows
 + Level 2.5 Dodging
 + Level 1.7 Stealth


You had 4 spell levels left.
You didn't know any spells.

Dungeon Overview and Level Annotations

Branches:
Dungeon (4/15)
 Temple: D:4-7

Altars:
Makhleb
Nemelex Xobeh


Innate Abilities, Weirdness & Mutations

You are small and have problems with some larger weapons.
You are carnivorous and can eat meat at any time.


Message History

Aim: a centaur, wielding a shortbow (heavily wounded)
You shoot a stone. The stone hits the centaur.
The centaur is severely wounded.
The centaur shoots an arrow.
The arrow hits you!
You are too injured to fight recklessly!
Firing (i - inventory):
l - 19 stones (quivered)
Press: ? - help, Shift-Dir - straight line, f/p - centaur
Aim: a centaur, wielding a shortbow (severely wounded)
You shoot a stone. The stone closely misses the centaur.
The centaur shoots an arrow.
The arrow barely misses you.
Firing (i - inventory):
l - 18 stones (quivered)
Press: ? - help, Shift-Dir - straight line, f/p - centaur
Aim: a centaur, wielding a shortbow (severely wounded)
You shoot a stone.
The stone hits the centaur but does no damage.
The centaur is severely wounded.
The centaur shoots an arrow.
The arrow hits you!
* * * LOW HITPOINT WARNING * * *
The centaur shoots an arrow.
The arrow hits you!
You die...

# ##.# ##..#
#..## #.## ##.#
#..# #.##
...#####.#
.......@.#
.......#...#
....######.c...
#.# ..#.. .
.... ##.# .#


You could see a centaur.

Vanquished Creatures
  A hound (D:2)
  Jessica (D:3)
  Ijyb (D:3)
  3 adders
  An ooze (D:3)
  2 worms (D:2)
  2 dart slugs
  3 leopard geckos
  5 orcs (D:3)
  8 bats
  A giant cockroach (D:2)
  10 goblins
  3 hobgoblins
  3 jackals (D:3)
  A quokka (D:2)
  2 frilled lizards (D:1)
  5 kobolds
  3 rats (D:1)
55 creatures vanquished.

Notes
Turn   | Place    | Note
-------+----------+-------------------------------------------
     0 | D:1      | Naru the Kobold Hunter began the quest for the Orb.
     0 | D:1      | Reached XP level 1. HP: 12/12 MP: 1/1
    18 | D:1      | Reached skill level 5 in Crossbows
   154 | D:1      | Reached XP level 2. HP: 17/17 MP: 2/2
   381 | D:1      | Reached XP level 3. HP: 21/21 MP: 3/3
   504 | D:2      | Reached skill level 6 in Crossbows
   549 | D:2      | Found a sparkling altar of Nemelex Xobeh.
   790 | D:2      | Reached XP level 4. HP: 27/27 MP: 4/4
   819 | D:2      | Found a burning altar of Makhleb.
   824 | D:2      | Reached skill level 1 in Slings
  1510 | D:3      | Noticed Jessica
  1512 | D:3      | Killed Jessica
  1512 | D:3      | Reached XP level 5. HP: 32/32 MP: 5/5
  1580 | D:3      | Found a faded altar of an unknown god.
  1622 | D:3      | Noticed Ijyb
  1643 | D:3      | Killed Ijyb
  2056 | D:4      | Noticed a centaur
  2061 | D:4      | HP: 1/32 [centaur/arrow (11)]
  2061 | D:4      | Shot with an arrow by a centaur

Skill      XL: |  1  2  3  4  5 |
---------------+----------------+-----
Crossbows      | 5 6 |  6.2
Slings         | 2 3 |  3.3
Fighting       | |  2.9
Dodging        | |  2.5
Stealth        | |  1.7

Action                   |  1- 3 |  4- 6 || total
-------------------------+-------+-------++-------
 Fire: Hand crossbow     |    50 |       ||    50
       Hunting sling     |     8 |    93 ||   101
  Use: Scroll            |     5 |     1 ||     6
  Eat: Ration            |       |     2 ||     2
Armor: Leather armour    |     4 |     9 ||    13
Dodge: Dodged            |     4 |    16 ||    20
Block: Shield            |     2 |     3 ||     5
